| TOP OF THE 1ST |
|
Round Rock Express batting - Pitching for Dallas-Fort Worth Rangers : RHP Toru Hamaura
|
|
Pitching: RHP Toru Hamaura
|
|
|
Batting: LHB Steve Lyons
|
0-0: Ball 1-0: Called Strike 1-1: Swinging Strike 1-2: Ground out 5-3 (Groundball, 56S, EV 80.6 MPH)
|
|
Batting: LHB Luis Armijo
|
0-0: Ball 1-0: Fly out, F7 (Flyball, 78XD, EV 97.5 MPH)
|
|
Batting: RHB Alejandro Sanchez
|
0-0: Ball 1-0: SINGLE (Groundball, 6MS, EV 65.0 MPH) (infield hit)
|
|
Batting: LHB Al Chambers
|
0-0: Ball 1-0: Ball 2-0: Called Strike 2-1: Fly out, F9 (Flyball, 89S, EV 90.0 MPH)
|
| Top of the 1st over - 0 runs, 1 hit, 0 errors, 1 left on base; Round Rock 0 - Dallas-Fort Worth 0 |
| BOTTOM OF THE 1ST |
|
Dallas-Fort Worth Rangers batting - Pitching for Round Rock Express : RHP Jesus Manaure
|
|
Pitching: RHP Jesus Manaure
|
|
|
Batting: LHB Stan Levi
|
0-0: Fly out, F9 (Flyball, 89S, EV 95.0 MPH)
|
|
Batting: RHB Alex Zermeno
|
0-0: Hit by Pitch
|
|
Batting: RHB Terry Lee
|
0-0: Ball Pickoff Throw to First - Error! E1 Alex Zermeno to second 1-0: Ball 2-0: DOUBLE (Line Drive, 89XD, EV 107.5 MPH) Alex Zermeno scores
|
|
Batting: LHB Sid Bream
|
0-0: Called Strike 0-1: Ball 1-1: Ground out U3 (Groundball, 3S, EV 83.1 MPH) Terry Lee to third
|
|
Batting: RHB Dave Aponte
|
0-0: Ball 1-0: Foul Ball, location: 2F 1-1: Foul Ball, location: 2F 1-2: Foul Ball, location: 2F 1-2: Ball 2-2: Foul Ball, location: 2F 2-2: Fly out, F8 (Flyball, 8RXD, EV 86.3 MPH)
|
| Bottom of the 1st over - 1 run, 1 hit, 1 error, 1 left on base; Round Rock 0 - Dallas-Fort Worth 1 |
| TOP OF THE 2ND |
|
Round Rock Express batting - Pitching for Dallas-Fort Worth Rangers : RHP Toru Hamaura
|
|
Batting: RHB Martyn Maxwell
|
0-0: Foul Ball, location: 2F 0-1: Ball 1-1: Ground out 6-3 (Groundball, 6, EV 106.3 MPH)
|
|
Batting: LHB James Jennings
|
0-0: Ball 1-0: Ground out 6-3 (Groundball, 6, EV 79.4 MPH)
|
|
Batting: LHB William Sobbe
|
0-0: Ground out U3 (Groundball, 34, EV 89.4 MPH)
|
| Top of the 2nd over - 0 runs, 0 hits, 0 errors, 0 left on base; Round Rock 0 - Dallas-Fort Worth 1 |
| BOTTOM OF THE 2ND |
|
Dallas-Fort Worth Rangers batting - Pitching for Round Rock Express : RHP Jesus Manaure
|
|
Batting: LHB Garcia Gutierrez
|
0-0: Called Strike 0-1: SINGLE (Groundball, 56, EV 83.8 MPH) (infield hit)
|
|
Batting: RHB Jesse Plummer
|
0-0: Ball 1-0: Called Strike 1-1: Ball 2-1: Swinging Strike 2-2: Ball 3-2: Fly out, F9 (Flyball, 89D, EV 95.6 MPH)
|
|
Batting: LHB Mo Ching
|
0-0: Foul Ball, location: 2F 0-1: Swinging Strike 0-2: Ball 1-2: Strikes out swinging
|
|
Batting: LHB Daryl Fazzio
|
0-0: Swinging Strike 0-1: Foul Ball, location: 2F 0-2: Foul Ball, location: 2F 0-2: Ball 1-2: Foul Ball, location: 2F 1-2: TRIPLE (Line Drive, 7D, EV 108.8 MPH) Garcia Gutierrez scores
|
|
Batting: LHB Stan Levi
|
0-0: Hit by Pitch
|
|
Batting: RHB Alex Zermeno
|
0-0: Ball 1-0: Foul Ball, location: 2F 1-1: Ground out 4-3 (Groundball, 4M, EV 95.0 MPH)
|
| Bottom of the 2nd over - 1 run, 2 hits, 0 errors, 2 left on base; Round Rock 0 - Dallas-Fort Worth 2 |
| TOP OF THE 3RD |
|
Round Rock Express batting - Pitching for Dallas-Fort Worth Rangers : RHP Toru Hamaura
|
|
Batting: RHB Mike Sodders
|
0-0: Called Strike 0-1: Ball 1-1: Ball 2-1: Ball 3-1: Ground out 4-3 (Groundball, 4, EV 84.4 MPH)
|
|
Batting: LHB Buck Showalter
|
0-0: Swinging Strike 0-1: Foul Ball, location: 2F 0-2: Ball 1-2: Ground out 3-1 (Groundball, 34S, EV 63.8 MPH)
|
|
Batting: LHB Steve Lyons
|
0-0: Called Strike 0-1: Ball 1-1: Ball 2-1: Ball 3-1: Swinging Strike 3-2: Strikes out swinging
|
| Top of the 3rd over - 0 runs, 0 hits, 0 errors, 0 left on base; Round Rock 0 - Dallas-Fort Worth 2 |
| BOTTOM OF THE 3RD |
|
Dallas-Fort Worth Rangers batting - Pitching for Round Rock Express : RHP Jesus Manaure
|
|
Batting: RHB Terry Lee
|
0-0: Ball 1-0: Foul Ball, location: 2F 1-1: Foul Ball, location: 2F 1-2: Strikes out swinging
|
|
Batting: LHB Sid Bream
|
0-0: Ball 1-0: Ball 2-0: Ball 3-0: Ground out U3 (Groundball, 3L, EV 100.6 MPH)
|
|
Batting: RHB Dave Aponte
|
0-0: Foul Ball, location: 2F 0-1: Ball 1-1: Ground out 6-3 (Groundball, 6, EV 102.5 MPH)
|
| Bottom of the 3rd over - 0 runs, 0 hits, 0 errors, 0 left on base; Round Rock 0 - Dallas-Fort Worth 2 |
| TOP OF THE 4TH |
|
Round Rock Express batting - Pitching for Dallas-Fort Worth Rangers : RHP Toru Hamaura
|
|
Batting: LHB Luis Armijo
|
0-0: Fly out, F9 (Flyball, 9, EV 87.5 MPH)
|
|
Batting: RHB Alejandro Sanchez
|
0-0: Swinging Strike 0-1: Foul Ball, location: 2F 0-2: Foul Ball, location: 2F 0-2: Foul Ball, location: 2F 0-2: Ball 1-2: Strikes out swinging
|
|
Batting: LHB Al Chambers
|
0-0: Called Strike 0-1: Fly out, F8 (Line Drive, 8RM, EV 90.6 MPH)
|
| Top of the 4th over - 0 runs, 0 hits, 0 errors, 0 left on base; Round Rock 0 - Dallas-Fort Worth 2 |
| BOTTOM OF THE 4TH |
|
Dallas-Fort Worth Rangers batting - Pitching for Round Rock Express : RHP Jesus Manaure
|
|
Batting: LHB Garcia Gutierrez
|
0-0: Ball 1-0: Ball 2-0: Ball 3-0: Swinging Strike 3-1: Foul Ball, location: 2F 3-2: SINGLE (Flyball, 89S, EV 96.3 MPH)
|
|
Batting: RHB Jesse Plummer
|
0-0: Called Strike 0-1: Swinging Strike 0-2: Ball 1-2: Foul Ball, location: 2F 1-2: Ball 2-2: Foul Ball, location: 2F 2-2: Grounds into double play, 4-6-3 (Groundball, 4MD, EV 110.0 MPH)
|
|
Batting: LHB Mo Ching
|
0-0: Ball 1-0: Foul Ball, location: 2F 1-1: Ball 2-1: Called Strike 2-2: Fly out, F5 (Popup, 25F, EV 90.6 MPH)
|
| Bottom of the 4th over - 0 runs, 1 hit, 0 errors, 0 left on base; Round Rock 0 - Dallas-Fort Worth 2 |
| TOP OF THE 5TH |
|
Round Rock Express batting - Pitching for Dallas-Fort Worth Rangers : RHP Toru Hamaura
|
|
Batting: RHB Martyn Maxwell
|
0-0: Called Strike 0-1: Fly out, F4 (Flyball, 4D, EV 92.5 MPH)
|
|
Batting: LHB James Jennings
|
0-0: Ball 1-0: Ball 2-0: Ball 3-0: Called Strike 3-1: Base on Balls
|
|
Batting: LHB William Sobbe
|
0-0: Ball 1-0: Ball 2-0: Ground out U3 (Groundball, 34S, EV 83.1 MPH) James Jennings to second
|
|
Batting: RHB Mike Sodders
|
0-0: Ball 1-0: Foul Ball, location: 2F 1-1: Foul Ball, location: 2F 1-2: Foul Ball, location: 2F 1-2: Foul Ball, location: 2F 1-2: Ball 2-2: Ball 3-2: DOUBLE (Line Drive, 9LM, EV 100.0 MPH) James Jennings scores
|
|
Batting: LHB Buck Showalter
|
0-0: Swinging Strike 0-1: Ball 1-1: Swinging Strike 1-2: Foul Ball, location: 2F 1-2: Ball 2-2: Strikes out swinging
|
| Top of the 5th over - 1 run, 1 hit, 0 errors, 1 left on base; Round Rock 1 - Dallas-Fort Worth 2 |
| BOTTOM OF THE 5TH |
|
Dallas-Fort Worth Rangers batting - Pitching for Round Rock Express : RHP Jesus Manaure
|
|
Batting: LHB Daryl Fazzio
|
0-0: Ball 1-0: Foul Ball, location: 2F 1-1: Ball 2-1: Foul Ball, location: 2F 2-2: Strikes out swinging
|
|
Batting: LHB Stan Levi
|
0-0: Ball 1-0: Ball 2-0: Ground out 6-3 (Groundball, 6, EV 86.3 MPH)
|
|
Batting: RHB Alex Zermeno
|
0-0: Ball 1-0: Fly out, F9 (Line Drive, 9S, EV 102.5 MPH)
|
| Bottom of the 5th over - 0 runs, 0 hits, 0 errors, 0 left on base; Round Rock 1 - Dallas-Fort Worth 2 |
| TOP OF THE 6TH |
|
Round Rock Express batting - Pitching for Dallas-Fort Worth Rangers : RHP Toru Hamaura
|
|
Batting: LHB Steve Lyons
|
0-0: Called Strike 0-1: Foul Ball, location: 2F 0-2: Ball 1-2: Fly out, F8 (Line Drive, 8LD, EV 97.5 MPH)
|
|
Batting: LHB Luis Armijo
|
0-0: SOLO HOME RUN (Flyball, 9D, EV 104.4 MPH), Distance : 358 ft
|
|
Batting: RHB Alejandro Sanchez
|
0-0: Ball 1-0: Called Strike 1-1: Ball 2-1: Swinging Strike 2-2: Ground out 5-3 (Groundball, 56, EV 85.0 MPH)
|
|
Batting: LHB Al Chambers
|
0-0: Called Strike 0-1: Ball 1-1: Swinging Strike 1-2: Ball 2-2: Ball 3-2: Fly out, F7 (Flyball, 78M, EV 85.0 MPH)
|
| Top of the 6th over - 1 run, 1 hit, 0 errors, 0 left on base; Round Rock 2 - Dallas-Fort Worth 2 |
| BOTTOM OF THE 6TH |
|
Dallas-Fort Worth Rangers batting - Pitching for Round Rock Express : RHP Jesus Manaure
|
|
Batting: RHB Terry Lee
|
0-0: Called Strike 0-1: Called Strike 0-2: Strikes out swinging
|
|
Batting: LHB Sid Bream
|
0-0: Ball 1-0: Swinging Strike 1-1: Foul Ball, location: 2F 1-2: Ball 2-2: Ball 3-2: Strikes out looking
|
|
Batting: RHB Dave Aponte
|
0-0: Called Strike 0-1: Called Strike 0-2: Ball 1-2: Ball 2-2: Strikes out swinging
|
| Bottom of the 6th over - 0 runs, 0 hits, 0 errors, 0 left on base; Round Rock 2 - Dallas-Fort Worth 2 |
| TOP OF THE 7TH |
|
Round Rock Express batting - Pitching for Dallas-Fort Worth Rangers : RHP Toru Hamaura
|
|
Batting: RHB Martyn Maxwell
|
0-0: Ball 1-0: Ball 2-0: Ground out 5-3 (Groundball, 56S, EV 89.4 MPH)
|
|
Batting: LHB James Jennings
|
0-0: Called Strike 0-1: Ball 1-1: Called Strike 1-2: Strikes out swinging
|
|
Batting: LHB William Sobbe
|
0-0: Ball 1-0: Ground out 5-3 (Groundball, 56S, EV 74.4 MPH)
|
| Top of the 7th over - 0 runs, 0 hits, 0 errors, 0 left on base; Round Rock 2 - Dallas-Fort Worth 2 |
| BOTTOM OF THE 7TH |
|
Dallas-Fort Worth Rangers batting - Pitching for Round Rock Express : RHP Jesus Manaure
|
|
Batting: LHB Garcia Gutierrez
|
0-0: Called Strike 0-1: Fly out, F8 (Flyball, 8LD, EV 76.9 MPH)
|
|
Batting: RHB Jesse Plummer
|
0-0: Ball 1-0: SINGLE (Line Drive, 34D, EV 102.5 MPH)
|
|
Batting: LHB Mo Ching
|
0-0: Ball Jesse Plummer steals 2nd base 1-0: Fly out, F3 (Flyball, 3D, EV 95.6 MPH)
|
|
Batting: LHB Daryl Fazzio
|
0-0: Swinging Strike 0-1: Ball 1-1: Foul Ball, location: 2F 1-2: Ball 2-2: Ball 3-2: Foul Ball, location: 2F 3-2: Foul Ball, location: 2F 3-2: Ground out 4-3 (Groundball, 4, EV 90.6 MPH)
|
| Bottom of the 7th over - 0 runs, 1 hit, 0 errors, 1 left on base; Round Rock 2 - Dallas-Fort Worth 2 |
| TOP OF THE 8TH |
|
Round Rock Express batting - Pitching for Dallas-Fort Worth Rangers : RHP Toru Hamaura
|
|
Batting: RHB Mike Sodders
|
0-0: Ball 1-0: Fly out, F4 (Popup, 4, EV 50.6 MPH)
|
|
Batting: LHB Buck Showalter
|
0-0: Ball 1-0: Ball 2-0: Called Strike 2-1: Foul Ball, location: 2F 2-2: DOUBLE (Line Drive, 8LXD, EV 102.5 MPH) - OUT at third base trying to stretch hit.
|
|
Batting: LHB Steve Lyons
|
0-0: Ball 1-0: Foul Ball, location: 2F 1-1: SOLO HOME RUN (Flyball, 89XD, EV 100.0 MPH), Distance : 444 ft
|
|
Batting: LHB Luis Armijo
|
0-0: Fly out, F8 (Line Drive, 8LM, EV 90.6 MPH)
|
| Top of the 8th over - 1 run, 2 hits, 0 errors, 0 left on base; Round Rock 3 - Dallas-Fort Worth 2 |
| BOTTOM OF THE 8TH |
|
Dallas-Fort Worth Rangers batting - Pitching for Round Rock Express : RHP Jesus Manaure
|
|
Batting: LHB Stan Levi
|
0-0: Ball 1-0: Ball 2-0: SINGLE (Groundball, 4MD, EV 106.3 MPH)
|
|
Batting: RHB Alex Zermeno
|
0-0: Ball 1-0: Sac Bunt to P - play at first, batter OUT! 1-4 Stan Levi to second
|
|
Batting: RHB Terry Lee
|
0-0: Foul Ball, location: 2F 0-1: Ground out 1-3 (Groundball, 13S, EV 73.1 MPH) Stan Levi to third
|
|
Batting: LHB Sid Bream
|
0-0: Ball 1-0: Called Strike 1-1: Ball 2-1: Ball Wild Pitch! Stan Levi scores 3-1: Base on Balls
|
|
Batting: RHB Dave Aponte
|
0-0: Foul Ball, location: 2F 0-1: SINGLE (Groundball, 6D, EV 99.4 MPH) Sid Bream to second
|
|
Batting: LHB Garcia Gutierrez
|
0-0: Called Strike 0-1: Ball 1-1: Swinging Strike 1-2: Foul Ball, location: 2F 1-2: Foul Ball, location: 2F 1-2: Strikes out swinging
|
| Bottom of the 8th over - 1 run, 2 hits, 0 errors, 2 left on base; Round Rock 3 - Dallas-Fort Worth 3 |
| TOP OF THE 9TH |
|
Round Rock Express batting - Pitching for Dallas-Fort Worth Rangers : RHP Toru Hamaura
|
|
Pitching: RHP Luis Cardenas
|
|
|
Pinch Hitting: LHB Dave Sanchez
|
0-0: Ball 1-0: Ball 2-0: Ball 3-0: Swinging Strike 3-1: Base on Balls
|
|
Batting: LHB Al Chambers
|
0-0: Swinging Strike 0-1: Ball 1-1: Foul Ball, location: 2F 1-2: Strikes out swinging
|
|
Batting: RHB Martyn Maxwell
|
0-0: Swinging Strike 0-1: Called Strike 0-2: Strikes out swinging
|
|
Batting: LHB James Jennings
|
0-0: Called Strike 0-1: Foul Ball, location: 2F 0-2: Ball 1-2: Ball 2-2: Ground out 4-3 (Groundball, 4, EV 89.4 MPH)
|
| Top of the 9th over - 0 runs, 0 hits, 0 errors, 1 left on base; Round Rock 3 - Dallas-Fort Worth 3 |
| BOTTOM OF THE 9TH |
|
Dallas-Fort Worth Rangers batting - Pitching for Round Rock Express : RHP Jesus Manaure
|
|
Now in RF: Wayne Rohlfing
|
|
|
Batting: RHB Jesse Plummer
|
0-0: Ball 1-0: Swinging Strike 1-1: Ball 2-1: Foul Ball, location: 2F 2-2: Foul Ball, location: 2F 2-2: Reached on error, E5 (Groundball, 56, EV 102.5 MPH)
|
|
Batting: LHB Mo Ching
|
0-0: Ball 1-0: Ball 2-0: Called Strike 2-1: Ball 3-1: Called Strike 3-2: Base on Balls Jesse Plummer to second
|
|
Batting: LHB Daryl Fazzio
|
0-0: Called Strike 0-1: Foul Ball, location: 2F 0-2: Ball 1-2: SINGLE (Groundball, 4MD, EV 103.1 MPH) Jesse Plummer to third Mo Ching to second
|
|
Batting: LHB Stan Levi
|
0-0: Fly out, F6 (Popup, 6M, EV 60.0 MPH)
|
|
Pinch Hitting: LHB Timothy Roche
|
0-0: Ball 1-0: Fly out, F8 (Flyball, 8LD, EV 86.9 MPH) Runner from 3rd tags up, SCORES, throw by CF
|
| Bottom of the 9th over - 1 run, 1 hit, 1 error, 0 left on base; Round Rock 3 - Dallas-Fort Worth 4 |
| GAME OVER ... DALLAS |
|
Fort Worth defeats Round Rock, 4 to 3
|
|
|